 Dungeon Crawl Stone Soup version 0.19.5 (console) character file.

69661 itsmu the Tainter (level 14, -6/111 HPs)
             Began as a Demonspawn Venom Mage on Mar 8, 2017.
             Was the Champion of Kikubaaqudgha.
             Mangled by a merfolk impaler
             ... wielding a +5 demon trident
              (18 damage)
             ... on level 1 of the Shoals.
             The game lasted 02:36:58 (33064 turns).

itsmu the Tainter (Demonspawn Venom Mage)          Turns: 33064, Time: 02:36:59

Health: -6/111     AC:  8    Str:  9    XL:     14   Next: 91%
Magic:  24/26      EV: 15    Int: 21    God:    Kikubaaqudgha [******]
Gold:   1912       SH:  0    Dex: 21    Spells: 11 memorised, 5 levels left

rFire  . . .     SeeInvis .       - Unarmed
rCold  + . .     Gourm    .     g - +1 ring mail of Fekoakh {Dex+5}
rNeg   . . .     Faith    .     (no shield)
rPois  .         Spirit   .     (helmet restricted)
rElec  .         Reflect  .     s - +0 cloak
rCorr  .         Harm     .     (gloves unavailable)
MR     +....                    (boots unavailable)
Stlth  ++........               L - amulet of magic regeneration
                                M - ring of protection from cold
                                y - ring of stealth

@: repel missiles
A: claws 3, hooves 3, horns 1, agile 1, demonic guardian 1, spiny 1
a: Receive Corpses, Torment, Renounce Religion


You were on level 1 of the Shoals.
You worshipped Kikubaaqudgha.
Kikubaaqudgha was exalted by your worship.
You were not hungry.

You visited 6 branches of the dungeon, and saw 24 of its levels.

You collected 1960 gold pieces.
You spent 48 gold pieces at shops.

Inventory:

Armour
 g - the +1 ring mail of Fekoakh (worn) {Dex+5}
   (You found it on level 5 of the Dungeon)

   It affects your dexterity (+5).
 s - a +0 cloak (worn)
   (You found it on level 11 of the Dungeon)
Jewellery
 d - an uncursed amulet of harm {unknown}
   (You found it on level 1 of the Lair of Beasts)
 r - an uncursed ring of magical power
   (You found it on level 11 of the Dungeon)
 y - a ring of stealth (left claw)
   (You found it on level 1 of the Lair of Beasts)
 K - an uncursed amulet of faith {unknown}
   (You found it on level 11 of the Dungeon)
 L - an amulet of magic regeneration (around neck)
   (You found it on level 9 of the Dungeon)
 M - a ring of protection from cold (right claw)
   (You found it on level 10 of the Dungeon)
 O - an uncursed ring of fire
   (You found it on level 3 of the Dungeon)
 T - an uncursed ring of positive energy
   (You found it on level 3 of the Lair of Beasts)
Wands
 b - a wand of random effects (8/48)
   (You found it on level 10 of the Dungeon)
 f - a wand of random effects (0/48)
   (You took it off Sigmund on level 2 of the Dungeon)
 q - a wand of acid (2/15)
   (You found it on level 6 of the Lair of Beasts)
 w - a wand of random effects (21/48)
   (You found it on level 5 of the Dungeon)
 x - a wand of slowing (29/48)
   (You found it on level 2 of the Lair of Beasts)
 H - a wand of polymorph (16/24)
   (You took it off a wight on level 8 of the Dungeon)
 I - a wand of random effects (10/48)
   (You found it on level 3 of the Lair of Beasts)
 W - a wand of random effects (11/48)
   (You found it on level 5 of the Lair of Beasts)
Scrolls
 e - a scroll of summoning
 i - 3 scrolls of remove curse
 t - 9 scrolls of teleportation
Potions
 h - 2 potions of cancellation
 k - 2 potions of lignification
 l - 3 potions of flight
 A - a potion of magic
 C - a potion of ambrosia {unknown}
 G - 4 potions of curing
 J - a potion of resistance {unknown}
 P - 2 potions of might
 R - 4 potions of brilliance
Comestibles
 a - 4 chunks of flesh
 c - 9 bread rations
 o - 11 royal jellies


   Skills:
 + Level 10.8 Fighting
 + Level 7.0 Armour
 + Level 6.9 Dodging
 - Level 1.7 Stealth
 * Level 9.8 Unarmed Combat
 - Level 8.9 Spellcasting
 - Level 5.0 Conjurations
 - Level 5.3 Hexes
 + Level 9.6 Necromancy
 - Level 5.0 Air Magic
 - Level 12.4 Poison Magic


You had 5 spell levels left.
You knew the following spells:

 Your Spells              Type           Power        Failure   Level  Hunger
a - Sting                 Conj/Pois      ####         1%          1    None
b - Mephitic Cloud        Conj/Pois/Air  #####...     2%          3    None
c - Olgreb's Toxic Radia  Pois           ######..     1%          4    ###....
d - Vampiric Draining     Necr           #####.....   1%          3    None
r - Corpse Rot            Necr           N/A          1%          2    None
A - Apportation           Tloc           #.........   21%         1    None
B - Blink                 Tloc           N/A          30%         2    None
C - Confusing Touch       Hex            ####..       1%          1    None
D - Dispel Undead         Necr           #####...     12%         5    #####..
K - Animate Skeleton      Necr           N/A          1%          1    None
O - Repel Missiles        Chrm/Air       ###...       12%         2    None


Dungeon Overview and Level Annotations

Branches:
Dungeon (13/15)            Temple (1/1) D:5            Lair (6/6) D:8
 Shoals (1/4) Lair:2        Snake (1/4) Lair:3        Slime (0/5) Lair:5
    Orc (2/2) D:11            Elf (0/3) Orc:2
 Vaults: D:13-14

Altars:
Ashenzari
Cheibriados
Dithmenos
Elyvilon
Fedhas
Gozag
Hepliaklqana
Kikubaaqudgha
Makhleb
Nemelex Xobeh
Okawaru
Qazlal
Ru
Sif Muna
Trog
Uskayaw
Vehumet
Yredelemnul
Zin
The Shining One
Jiyva

Shops:
D:4 (   D:9 %   Orc:2 (?**

Annotations:
D:9 exclusion: downstairs
D:10 giant vault
D:12 apport leather later.
D:13 Josephine
Lair:1 hydra!
Lair:2 exclusions: hydra and oklob plant


Innate Abilities, Weirdness & Mutations

You have claws for hands.
You have hooves in place of feet.
You have a pair of small horns on your head.
A weak demonic guardian rushes to your aid.
You are partially covered in sharp spines.
You are agile. (Dex +2)


Message History

Evoke which item? (* to show all) (? for menu, Esc to quit)
Zapping:
q - a wand of acid (will waste charges)
Press: ? - help, Shift-Dir - straight line, f - merfolk impaler
Aim: a merfolk impaler, wielding an enchanted demon trident (severely wounded, poisoned)
The bolt of acid hits the merfolk impaler.
The merfolk impaler is splashed with acid.
The acid corrodes the merfolk impaler!
The merfolk impaler is almost dead.
Evoking this partially-identified wand wasted a few charges.
Something hits your faun skeleton!!
Evoke which item? (* to show all) (? for menu, Esc to quit)
Zapping:
q - a wand of acid {zapped: 2} (will waste charges)
Press: ? - help, Shift-Dir - straight line, f/p - merfolk impaler
Aim: a merfolk impaler, wielding an enchanted demon trident (almost dead, poisoned, covered in acid)
The bolt of acid misses the merfolk impaler.
Evoking this partially-identified wand wasted a few charges.
The merfolk impaler barely misses you.
The merfolk impaler hits you from afar with an enchanted demon trident!!
You die...
Kikubaaqudgha rasps: "You have failed me!
Welcome... death!"

≈≈......)...###≈≈≈≈≈
≈≈≈.%......##≈m≈≈≈≈.
...........#≈≈≈≈≈###''###
..........#'≈≈≈≈##......##
..≈.......#######........##
..........# #8........8#
≈........Z#######........######
≈≈........#'((..##....c.##.≈≈≈+
...........#....M###''###..≈≈≈#
...........##....)mZc).....≈≈##
.#..........###...)).......###
.#............##8#8####8#8##
...........≈≈##### #####
..........≈≈≈≈>
.........≈≈≈≈≈..
≈......≈≈≈≈≈≈≈≈ ≈≈.....≈≈≈≈≈≈≈≈


You could see a merfolk impaler, a satyr and a friendly faun skeleton.

Vanquished Creatures
  Kirke (Lair:6)
  The ghost of Trixie the Bludgeoner, a journeyman MiBe of Trog (Lair:3)
  A stone giant (D:11)
  Fannar (D:11)
  6 hydras
  2 catoblepae
  2 centaur warriors
  A queen ant (Lair:3)
  2 death yaks (Lair:6)
  A deep troll shaman (Lair:6)
  2 unseen horrors
  8 hill giants
  2 manticores
  An orc sorcerer (Orc:2)
  The ghost of Agrougrou the Cudgeler, a novice DsFi of Nemelex Xobeh (D:5)
  A wolf spider zombie (D:12)
  3 orc knights (Orc:2)
  A wolf spider (D:13)
  2 cyclopes
  3 ugly things
  2 fauns (Shoals:1)
  5 black mambas
  3 elephants (Lair:6)
  Maurice (D:11)
  A siren (Lair:2)
  A torpor snail (Lair:6)
  A gargoyle (D:13)
  5 spiny frogs
  3 rime drakes
  6 komodo dragons
  A kobold demonologist (D:13)
  A queen bee (D:11)
  7 merfolk
  6 trolls
  3 hornets
  4 polar bears
  3 slime creatures (D:13)
  7 hippogriffs
  11 dream sheep
  Sigmund (D:2)
  3 wyverns
  2 wraiths
  The ghost of lanroth the Skirmisher, an amateur HOFi (D:3)
  A water elemental (D:12)
  A steam dragon (D:12)
  27 yaks
  9 hogs
  A human (D:7)
  5 basilisks
  4 hungry ghosts
  3 vampire mosquitoes
  2 mottled dragons
  A warg (D:11)
  5 soldier ants (Lair:3)
  4 water moccasins
  30 orc warriors
  10 porcupines
  2 ice beasts (D:12)
  2 phantoms (D:10)
  An eye of draining (D:10)
  4 black bears
  4 sky beasts
  5 wolves
  9 ogres
  A necrophage (D:7)
  17 centaurs
  A big kobold (D:9)
  14 crocodiles
  10 bullfrogs
  A gnoll sergeant (D:9)
  2 wyvern skeletons
  4 scorpions
  37 killer bees
  9 wights
  2 vampire bats (D:6)
  5 electric eels
  3 howler monkeys
  2 centaur zombies
  2 crimson imps
  2 bullfrog zombies
  4 centaur skeletons
  14 orc priests
  5 jellies
  A quasit (D:13)
  3 bullfrog skeletons
  7 hounds
  20 orc wizards
  7 iguanas
  19 worker ants
  A killer bee zombie (D:10)
  A hound skeleton (D:5)
  A hound zombie (D:11)
  3 worker ant zombies
  A howler monkey zombie (D:5)
  13 gnolls
  14 adders
  3 shadow imps
  An ooze (D:4)
  An adder zombie (D:10)
  A worm (D:2)
  3 dart slugs
  8 leopard geckos
  65 orcs
  4 giant cockroaches
  2 goblins
  14 hobgoblins
  12 jackals
  4 quokkas
  15 bats
  2 frilled lizards
  A jackal zombie (D:4)
  10 kobolds
  A leopard gecko skeleton (D:4)
  A quokka skeleton (D:3)
  5 rats
  A plant (Lair:6)
630 creatures vanquished.

Vanquished Creatures (collateral kills)
  A yaktaur captain (D:13)
  A centaur warrior (D:13)
  2 death yaks (Lair:6)
  A sea snake (Shoals:1)
  2 lindwurms (Lair:6)
  3 fauns (Shoals:1)
  A manticore (D:12)
  A black mamba (Lair:4)
  A centaur zombie (D:10)
  2 spiny frogs
  2 trolls
  A hippogriff (Lair:4)
  3 dream sheep (Lair:6)
  A wraith (D:13)
  A basilisk (Lair:3)
  3 yaks
  Grum (D:11)
  2 water moccasins
  A porcupine (Lair:4)
  2 orc warriors
  A sky beast (D:6)
  An ogre (D:6)
  An eye of draining (D:12)
  A crocodile (Lair:6)
  4 wolves
  A bullfrog (Lair:1)
  A wyvern skeleton (D:10)
  A howler monkey (D:7)
  A worker ant (D:11)
  A jackal (D:6)
  A bush (Lair:6)
  A fungus (Lair:4)
  A plant (Lair:6)
48 creatures vanquished.

Vanquished Creatures (others)
  8 fungi (Lair:6)
  7 plants
15 creatures vanquished.

Grand Total: 693 creatures vanquished

Notes
Turn   | Place    | Note
-------+----------+-------------------------------------------
     0 | D:1      | itsmu the Demonspawn Venom Mage began the quest for the Orb.
     0 | D:1      | Reached XP level 1. HP: 13/13 MP: 3/3
   488 | D:1      | Gained mutation: You are partially covered in sharp spines. [demonic ancestry]
   488 | D:1      | Reached XP level 2. HP: 20/20 MP: 1/5
   775 | D:1      | Reached skill level 1 in Fighting
   775 | D:1      | Reached skill level 1 in Conjurations
   833 | D:1      | Gained mutation: You have large cloven feet. [demonic ancestry]
   833 | D:1      | Reached XP level 3. HP: 26/26 MP: 3/6
   855 | D:1      | hooves is probably bad.
   867 | D:1      | i'd rather have claws.
  1013 | D:1      | Learned a level 3 spell: Mephitic Cloud
  1568 | D:2      | Noticed Sigmund
  1736 | D:2      | Gained mutation: You have sharp fingernails. [demonic ancestry]
  1736 | D:2      | Reached XP level 4. HP: 32/32 MP: 5/8
  1794 | D:2      | Killed Sigmund
  1794 | D:2      | Reached skill level 5 in Poison Magic
  1794 | D:2      | Reached XP level 5. HP: 38/38 MP: 1/9
  1803 | D:1      | Learned a level 4 spell: Olgreb's Toxic Radiance
  2301 | D:3      | Noticed lanroth's ghost (amateur HOFi)
  2588 | D:2      | Gained mutation: A weak demonic guardian rushes to your aid. [demonic ancestry]
  2588 | D:2      | Reached XP level 6. HP: 39/44 MP: 3/11
  3166 | D:4      | lanroth is a stupid piece of shit idiot for leaving a vampiric weapon-wielding hill orc fighter ghost on d:3 somehow.
  3469 | D:4      | Found Bon Isach's Antique Weapon Emporium.
  3506 | D:4      | Found a stormy altar of Qazlal.
  3754 | D:4      | Found a snail-covered altar of Cheibriados.
  3907 | D:4      | Reached skill level 6 in Poison Magic
  3907 | D:4      | Reached XP level 7. HP: 48/51 MP: 9/12
  3931 | D:4      | Found a basalt altar of Yredelemnul.
  4263 | D:5      | Entered Level 5 of the Dungeon
  4407 | D:5      | Noticed Agrougrou's ghost (novice DsFi)
  4556 | D:5      | can you people stop dying with fighters.
  4770 | D:5      | oh i'm a monstrous demonspawn.
  4944 | D:5      | Reached skill level 1 in Unarmed Combat
  5033 | D:5      | Got a crude ring mail
  5308 | D:5      | Found a staircase to the Ecumenical Temple.
  5314 | Temple   | Entered the Ecumenical Temple
  5349 | Temple   | Became a worshipper of Kikubaaqudgha
  5350 | Temple   | kiku pls teach me to bust these ghosts.
  5464 | D:6      | Reached skill level 7 in Poison Magic
  5464 | D:6      | Reached XP level 8. HP: 31/60 MP: 14/14
  6124 | D:6      | Found a sacrificial altar of Ru.
  6125 | D:6      | Found a shadowy altar of Dithmenos.
  6125 | D:6      | Found a burning altar of Makhleb.
  6126 | D:6      | Found a hide-covered altar of Uskayaw.
  6518 | D:6      | hm.
  6520 | D:6      | oh dear.
  6683 | D:6      | Reached skill level 5 in Spellcasting
  6929 | D:6      | Reached skill level 8 in Poison Magic
  7196 | D:7      | ERM.
  7196 | D:7      | do i olgreb's or flee
  7196 | D:7      | i should play it safe, probably.
  7197 | D:7      | Noticed a hippogriff
  7369 | D:7      | ...
  7379 | D:7      | Reached * piety under Kikubaaqudgha
  7379 | D:7      | Identified Kikubaaqudgha's Compendium of Stolen Souls (Kikubaaqudgha gifted it to you on level 7 of the Dungeon)
  7379 | D:7      | Received a gift from Kikubaaqudgha
  7381 | D:7      | Reached XP level 9. HP: 62/66 MP: 1/16
  7479 | D:6      | Learned a level 2 spell: Corpse Rot
  7483 | D:6      | Learned a level 3 spell: Vampiric Draining
  7561 | D:7      | why a spear tho
  7707 | D:7      | Reached skill level 5 in Conjurations
  7710 | D:7      | Reached skill level 5 in Fighting
  7715 | D:7      | nice.
  7871 | D:7      | would you have turned hostile if i cast it after you appeared?
  8023 | D:7      | Found a deep blue altar of Sif Muna.
  8024 | D:7      | Found a glowing silver altar of Zin.
  8037 | D:7      | Learned a level 2 spell: Repel Missiles
  8040 | D:7      | Learned a level 2 spell: Blink
  8130 | D:7      | Reached skill level 9 in Poison Magic
  8147 | D:7      | Reached skill level 1 in Air Magic
  8221 | D:7      | Found a sparkling altar of Nemelex Xobeh.
  8385 | D:7      | nice.
  8590 | D:7      | ok let's test your loyalty.
  8591 | D:7      | ok good.
  8767 | D:8      | Found a staircase to the Lair.
  8845 | D:8      | Gained mutation: You have a pair of small horns on your head. [demonic ancestry]
  8845 | D:8      | Reached XP level 10. HP: 52/76 MP: 19/19
  8846 | D:8      | omg.
  9065 | D:8      | Reached ** piety under Kikubaaqudgha
  9066 | D:8      | Got a translucent leather armour
  9623 | D:9      | Reached skill level 10 in Poison Magic
  9867 | D:9      | Found Nuovig's Food Shop.
  9948 | D:8      | Identified the cursed +1 ring mail of Fekoakh {Dex+5} (You found it on level 5 of the Dungeon)
  9949 | D:8      | uh oh.
  9951 | D:8      | i have made an error.
  9951 | D:8      | how have i not found remove curse in 8 dlvls wtf
  9978 | D:9      | Found a shattered altar of Ashenzari.
 10392 | D:9      | Reached skill level 5 in Unarmed Combat
 10510 | D:9      | seriously.
 10832 | D:9      | Noticed a cyclops
 10841 | D:9      | Killed a cyclops
 10969 | D:10     | Entered Level 10 of the Dungeon
 10995 | D:10     | Reached *** piety under Kikubaaqudgha
 10995 | D:10     | Identified Kikubaaqudgha's Handbook of Unholy Rituals (Kikubaaqudgha gifted it to you on level 10 of the Dungeon)
 10995 | D:10     | Received a gift from Kikubaaqudgha
 11072 | D:10     | Gained mutation: You have very sharp fingernails. [demonic ancestry]
 11072 | D:10     | Reached XP level 11. HP: 60/83 MP: 8/21
 11232 | D:10     | Noticed a hill giant
 11258 | D:10     | Killed a hill giant
 11258 | D:10     | Reached skill level 11 in Poison Magic
 11389 | D:10     | Killed an unseen horror
 11398 | D:10     | Noticed a hill giant
 11418 | D:10     | Noticed a hill giant
 11420 | D:10     | um.
 11563 | D:8      | HOW DO I NOT HAVE REMOVE CURSE
 11704 | D:5      | HOW ARE YOU STILL YELLOW
 11737 | D:5      | Killed Agrougrou's ghost
 11980 | D:3      | Found a blossoming altar of Fedhas.
 12104 | D:3      | Killed lanroth's ghost
 12105 | D:3      | o are ghosts always yellow
 12180 | D:3      | !!!!!!!!!!!!
 12532 | D:3      | finally.
 12532 | D:3      | mb i should actually leave this on now though.
 12716 | D:5      | huh.
 12941 | Lair:1   | Entered Level 1 of the Lair of Beasts
 12959 | Lair:1   | Reached **** piety under Kikubaaqudgha
 13027 | Lair:1   | Noticed a six-headed hydra
 13031 | Lair:1   | Killed a six-headed hydra
 13620 | Lair:1   | Noticed a seven-headed hydra
 13646 | D:8      | alright well so much for lair.
 13919 | D:8      | i need my necromancy.
 14028 | D:9      | Killed a hill giant
 14418 | D:10     | Killed a hill giant
 14418 | D:10     | Reached skill level 5 in Air Magic
 14508 | D:10     | Noticed a hill giant
 14522 | D:10     | Killed a hill giant
 14525 | D:10     | Reached skill level 1 in Necromancy
 14621 | D:10     | Reached skill level 1 in Armour
 14790 | D:10     | Noticed a hill giant
 14921 | D:10     | Killed a hill giant
 14921 | D:10     | Reached skill level 12 in Poison Magic
 14921 | D:10     | Gained mutation: You have hoof-like feet. [demonic ancestry]
 14921 | D:10     | Reached XP level 12. HP: 92/92 MP: 12/24
 15069 | D:10     | Identified the cursed +0 leather armour of Elyvilon's Reproof {rF- rCorr Str+5 SInv} (You found it on level 8 of the Dungeon)
 15069 | D:10     | jfc.
 15220 | D:11     | Noticed Grum
 15226 | D:11     | Reached ***** piety under Kikubaaqudgha
 15230 | D:11     | Killed Grum
 15239 | D:11     | Noticed Maurice
 15246 | D:11     | Killed Maurice
 15589 | D:11     | Found a staircase to the Orcish Mines.
 15665 | D:11     | Noticed Fannar
 15698 | D:11     | Killed Fannar
 17204 | D:11     | i just remembered i dropped all of my books in the lair.
 17374 | D:12     | Reached skill level 5 in Necromancy
 18036 | D:12     | Learned a level 1 spell: Confusing Touch
 18043 | D:12     | Noticed a centaur warrior
 18062 | D:12     | Killed a centaur warrior
 18062 | D:12     | Reached skill level 1 in Hexes
 18760 | D:12     | Learned a level 1 spell: Apportation
 18766 | D:12     | nice spellpower
 19172 | D:13     | Noticed a catoblepas
 19269 | Orc:1    | Entered Level 1 of the Orcish Mines
 19269 | Orc:1    | Noticed a stone giant
 19270 | Orc:1    | really, a stone giant on o:1
 19276 | D:11     | fucking hell.
 19648 | D:8      | if there's a hydra down here i think i die instantly.
 19660 | Lair:1   | Learned a level 1 spell: Animate Skeleton
 19887 | Lair:1   | Gained mutation: You have claws for hands. [demonic ancestry]
 19887 | Lair:1   | Reached XP level 13. HP: 89/99 MP: 25/25
 19891 | Lair:1   | i get claws 3 just in time to need to kill hydras.
 20505 | Lair:2   | Found a staircase to the Shoals.
 21012 | Lair:2   | Reached skill level 5 in Hexes
 21347 | Lair:3   | Found a staircase to the Snake Pit.
 21692 | Lair:3   | Noticed Trixie's ghost (journeyman MiBe)
 21766 | Lair:3   | wow.
 21975 | Lair:3   | erm.
 22151 | Lair:1   | Learned a level 5 spell: Dispel Undead
 22155 | Lair:1   | i can't get over how bad this character is.
 23061 | D:13     | Noticed Josephine
 23062 | D:13     | wat
 23557 | D:13     | hm.
 23608 | D:13     | Reached ****** piety under Kikubaaqudgha
 24055 | D:13     | Noticed a frost giant
 24055 | D:13     | waaaaaaaaat
 24506 | Lair:3   | Killed Trixie's ghost
 25456 | Lair:4   | Reached skill level 5 in Dodging
 25673 | Lair:4   | Received a gift from Kikubaaqudgha
 26228 | Lair:5   | Reached skill level 5 in Armour
 26735 | Lair:5   | Found a viscous altar of Jiyva.
 26735 | Lair:5   | Found a staircase to the Slime Pits.
 27215 | Lair:6   | Entered Level 6 of the Lair of Beasts
 27250 | Lair:6   | Gained mutation: You have hooves in place of feet. [demonic ancestry]
 27250 | Lair:6   | Reached XP level 14. HP: 79/108 MP: 5/26
 27327 | Lair:6   | Noticed Kirke
 27344 | Lair:6   | Killed Kirke
 27777 | Lair:6   | i think i'm dead
 28382 | Lair:6   | Reached skill level 10 in Fighting
 28879 | Lair:6   | Found a sacrificial altar of Ru.
 29347 | Lair:6   | Gained mutation: You are agile. (Dex +2) [potion of beneficial mutation]
 29693 | Shoals:1 | Entered Level 1 of the Shoals
 30018 | D:11     | Killed a stone giant
 30448 | Orc:2    | Entered Level 2 of the Orcish Mines
 30667 | Orc:2    | HP: 5/111 [orc warrior/dire flail (18)]
 31082 | Orc:1    | ok now i have some bullshit o:$ vault where every orc has a fuckin crossbow.
 31166 | Orc:2    | oh, my mistake. arbalest.
 31186 | Orc:2    | oh good the knights too.
 31526 | Orc:2    | Found a staircase to the Elven Halls.
 31727 | Orc:2    | fuck whoever made this pos vault.
 32142 | Orc:2    | Found Liodup's Magic Scroll Boutique.
 32142 | Orc:2    | Found Veclonump's General Store.
 32144 | Orc:2    | Found Ginikhie's General Store.
 32146 | Orc:2    | Found Gutifiny's Antique Weapon Shop.
 32156 | Orc:2    | Bought a potion of curing for 48 gold pieces
 32590 | Snake:1  | Entered Level 1 of the Snake Pit
 33064 | Shoals:1 | Mangled by a merfolk impaler

Skill      XL: |  1  2  3  4  5  6  7  8  9 10 11 12 13 14 |
---------------+-------------------------------------------+-----
Fighting       | 1 2 3 4 5 6 7 8 9 10 | 10.8
Conjurations   | 1 2 3 4 5 |  5.0
Spellcasting   | 3 4 5 6 7 8 |  8.9
Poison Magic   | 5 6 7 8 9 10 12 | 12.4
Unarmed Combat | 1 2 4 5 6 7 8 9 |  9.8
Air Magic      | 2 3 5 |  5.0
Dodging        | 2 3 5 6 |  6.9
Necromancy     | 2 5 7 9 |  9.6
Armour         | 1 3 5 7 |  7.0
Hexes          | 3 5 |  5.3
Stealth        | |  1.7

Action                   |  1- 3 |  4- 6 |  7- 9 | 10-12 | 13-15 || total
-------------------------+-------+-------+-------+-------+-------++-------
Melee: Unarmed           |     4 |       |       |   188 |   414 ||   606
       Dagger            |     3 |    47 |   126 |   214 |       ||   390
       Kick              |       |     5 |    19 |   137 |   155 ||   316
       Headbutt          |       |       |       |    90 |   107 ||   197
       Punch             |       |       |       |    13 |    20 ||    33
 Cast: Sting             |    66 |    78 |    83 |    34 |     1 ||   262
       Mephitic Cloud    |     2 |    11 |    16 |    42 |    17 ||    88
       Olgreb's Toxic Ra |       |     2 |    29 |   128 |   201 ||   360
       Repel Missiles    |       |       |     1 |     1 |     7 ||     9
       Confusing Touch   |       |       |       |    41 |   120 ||   161
       Vampiric Draining |       |       |       |     2 |    45 ||    47
       Animate Skeleton  |       |       |       |     1 |   103 ||   104
       Apportation       |       |       |       |       |     5 ||     5
       Dispel Undead     |       |       |       |       |     5 ||     5
       Corpse Rot        |       |       |       |       |     3 ||     3
Invok: Receive Corpses   |       |       |       |       |     6 ||     6
       Receive Necronomi |       |       |       |       |     1 ||     1
Evoke: Wand              |       |     6 |       |     8 |    18 ||    32
  Use: Scroll            |       |     5 |     2 |    21 |    17 ||    45
       Potion            |       |       |       |     2 |    13 ||    15
 Stab: Paralysed         |       |     7 |       |       |       ||     7
       Confused          |       |     1 |     2 |    13 |    22 ||    38
       Sleeping          |       |       |     1 |     2 |       ||     3
       Distracted        |       |       |       |     1 |     3 ||     4
  Eat: Chunk             |     4 |     8 |    21 |    31 |    30 ||    94
       Meat ration       |       |       |       |     2 |     5 ||     7
       Fruit             |       |       |       |     4 |     1 ||     5
       Pizza             |       |       |       |     1 |     2 ||     3
       Beef jerky        |       |       |       |     4 |       ||     4
Armor: Robe              |     1 |     3 |    12 |       |       ||    16
       Ring mail         |       |       |       |   135 |    78 ||   213
       Troll leather arm |       |       |       |       |     9 ||     9
Dodge: Dodged            |    16 |    19 |    77 |   209 |   294 ||   615
       Deflected         |       |       |       |     5 |    39 ||    44
